 Dungeon Crawl Stone Soup version 0.22.1-1-ga44c0e5 (webtiles) character file.

2021 Fang the Cleaver (level 9, -2/56 HPs)
             Began as a Gargoyle Berserker on Oct 3, 2018.
             Was an Elder of Trog.
             Slain by a wight
             ... wielding a +2 halberd of freezing
              (12 damage)
             ... on level 7 of the Dungeon.
             The game lasted 00:10:45 (6206 turns).

Fang the Cleaver (Gargoyle Berserker)               Turns: 6206, Time: 00:10:46

Health: -2/56      AC:  9    Str: 23    XL:     9   Next: 23%
Magic:  9/9        EV: 14    Int:  9    God:    Trog [****..]
Gold:   297        SH:  0    Dex:  9    Spells: 8/8 levels left

rFire    . . .     SeeInvis +   a - +0 hand axe
rCold    + . .     Gourm    .   (no shield)
rNeg     + . .     Faith    .   b - +1 animal skin
rPois    ∞         Spirit   .   (no helmet)
rElec    +         Reflect  .   (no cloak)
rCorr    .         Harm     .   (no gloves)
MR       .....                  (no boots)
Stlth    ++........             n - amulet of regeneration
HPRegen  0.58/turn              m - ring of see invisible
MPRegen  0.11/turn              x - ring of protection from cold

@: berserk cooldown, slowed, very slow
A: negative energy resistance 1, electricity resistance, unbreathing,
petrification resistance, rot immunity, AC +6
a: Berserk, Trog's Hand, Brothers in Arms, Renounce Religion


You were on level 7 of the Dungeon.
You worshipped Trog.
Trog was greatly pleased with you.
You were near starving.

You visited 1 branch of the dungeon, and saw 7 of its levels.

You collected 297 gold pieces.

Inventory:

Hand Weapons
 a - a +0 hand axe (weapon)
Armour
 b - a +1 animal skin (worn)
Jewellery
 m - a ring of see invisible (left hand)
 n - an amulet of regeneration (around neck)
 r - an uncursed ring of ice
 x - a ring of protection from cold (right hand)
Wands
 k - a wand of acid (15)
 w - a wand of flame (20)
Scrolls
 f - 3 scrolls of teleportation
 j - a scroll of fear
 p - 2 scrolls of identify
 u - 3 scrolls of remove curse
Potions
 e - 3 potions of haste
 g - a potion of curing
 h - 2 potions of might
 i - a potion of flight
 l - a potion of mutation {unknown}
 o - a potion of agility
Comestibles
 c - 10 rations


   Skills:
 + Level 6.8 Fighting
 + Level 8.0 Axes
 + Level 2.2 Armour
 + Level 5.2 Dodging
 + Level 2.6 Stealth


You had 8 spell levels left.
You didn't know any spells.
Your spell library was empty.

Dungeon Overview and Level Annotations

Branches:
Dungeon (7/15)
 Temple: D:4-7

Altars:
Elyvilon
Hepliaklqana
Kikubaaqudgha
Vehumet


Innate Abilities, Weirdness & Mutations

You are resistant to torment.
Your stone body is resilient. (AC +6)
You are immune to poison.
You resist negative energy. (rN+)
You are resistant to electric shocks. (rElec)
You can survive without breathing.
You are immune to petrification.
You are immune to rotting.


Message History

You hit the wight.
The wight is lightly damaged.
The wight barely misses you. The orc warrior barely misses you.
Unknown command.
You hit the wight.
The wight is moderately damaged.
The wight barely misses you.
The orc warrior hits you from afar with a halberd!
* * * LOW HITPOINT WARNING * * *
You hit the wight.
The wight is moderately damaged.
The wight misses you.
The orc warrior hits you from afar with a halberd.
* * * LOW HITPOINT WARNING * * *
Unknown command.
Your ogre goes berserk!
You are near starving!
The orc warrior completely misses you. The wight closely misses you.
The wight hits you with a halberd of freezing!
You die...

..................
#.#...###.........
#.#...###..##.#.#.
#.................
#.#............... #
##.#............... #..
...................
###..####...###.........
.!...O.@)...............
.......z))).............
##.....o.........##.#..<
#..............###.#)..
.....................)..
##...##...........))))..
#... #.....#.#.###<#)..
#... #.....#.#.# #)#...
......


You could see an orc warrior, a wight and a friendly ogre (berserk).

Vanquished Creatures
  Eustachio (D:5)
  Menkaure (D:5)
  2 ogres (D:5)
  3 phantoms
  A centaur (D:3)
  A big kobold (D:6)
  Blork the orc (D:6)
  2 gnoll sergeants
  A scorpion (D:7)
  3 wights (D:7)
  2 howler monkeys (D:5)
  2 crimson imps
  5 orc wizards
  2 iguanas
  2 worker ants (D:4)
  2 hound skeletons (D:4)
  A howler monkey skeleton (D:4)
  15 gnolls
  12 adders
  An adder skeleton (D:6)
  4 worms
  6 leopard geckos
  28 orcs
  11 bats
  6 giant cockroaches
  3 goblins
  9 hobgoblins
  6 jackals (D:3)
  10 kobolds
  A quokka (D:6)
  5 ball pythons
  4 frilled lizards
  2 jackal skeletons
  2 leopard gecko skeletons
  12 rats
169 creatures vanquished.

Vanquished Creatures (others)
  A human (D:2)
1 creature vanquished.

Grand Total: 170 creatures vanquished

Notes
Turn   | Place    | Note
-------+----------+-------------------------------------------
     0 | D:1      | Fang the Gargoyle Berserker began the quest for the Orb.
     0 | D:1      | Reached XP level 1. HP: 14/14 MP: 1/1
    62 | D:1      | Reached XP level 2. HP: 6/20 MP: 2/2
   851 | D:1      | Reached skill level 3 in Axes
  1015 | D:1      | Reached XP level 3. HP: 24/24 MP: 3/3
  1468 | D:2      | Found an ancient bone altar of Kikubaaqudgha.
  1468 | D:2      | Noticed a human
  1471 | D:2      | Killed a human
  2004 | D:3      | Reached XP level 4. HP: 25/29 MP: 4/4
  2049 | D:3      | Reached ** piety under Trog
  2081 | D:3      | Reached skill level 1 in Stealth
  2219 | D:3      | Reached XP level 5. HP: 15/33 MP: 5/5
  2438 | D:3      | Reached skill level 4 in Axes
  2474 | D:3      | Noticed a centaur
  2483 | D:3      | Killed a centaur
  2483 | D:3      | Reached XP level 6. HP: 13/39 MP: 6/6
  2907 | D:4      | Noticed a phantom
  2959 | D:4      | Killed a phantom
  3039 | D:4      | Reached skill level 5 in Axes
  3169 | D:4      | Reached XP level 7. HP: 40/44 MP: 7/7
  3239 | D:4      | Reached *** piety under Trog
  3330 | D:4      | Reached skill level 5 in Fighting
  3824 | D:4      | Found a hazy altar of Hepliaklqana.
  3964 | D:5      | Entered Level 5 of the Dungeon
  3969 | D:5      | Noticed Menkaure
  3986 | D:5      | Killed Menkaure
  3986 | D:5      | Reached skill level 6 in Axes
  4102 | D:5      | Reached XP level 8. HP: 50/50 MP: 8/8
  4393 | D:5      | Found a radiant altar of Vehumet.
  4393 | D:5      | Found a white marble altar of Elyvilon.
  4488 | D:5      | Reached skill level 7 in Axes
  4493 | D:5      | Noticed Eustachio
  4864 | D:5      | Killed Eustachio
  5063 | D:6      | Noticed Blork the orc
  5073 | D:6      | Killed Blork the orc
  5463 | D:6      | Reached **** piety under Trog
  5631 | D:6      | Reached XP level 9. HP: 51/56 MP: 9/9
  6022 | D:7      | Reached skill level 5 in Dodging
  6033 | D:7      | Reached skill level 8 in Axes
  6206 | D:7      | Slain by a wight

Skill      XL: |  1  2  3  4  5  6  7  8  9 |
---------------+----------------------------+-----
Axes           | 3 4 5 6 7 8 |  8.0
Fighting       | 4 5 6 |  6.8
Dodging        | 2 3 4 5 |  5.2
Stealth        | 1 2 |  2.6
Armour         | |  2.2

Action                   |  1- 3 |  4- 6 |  7- 9 || total
-------------------------+-------+-------+-------++-------
Melee: Hand axe          |   132 |   156 |   352 ||   640
Invok: Berserk           |       |     4 |    11 ||    15
       Brothers in Arms  |       |       |     1 ||     1
  Use: Scroll            |       |       |    13 ||    13
       Potion            |       |       |     1 ||     1
 Stab: Sleeping          |     1 |       |       ||     1
  Eat: Chunk             |     3 |     8 |    19 ||    30
Armor: Animal skin       |    42 |    65 |   118 ||   225
Dodge: Dodged            |    90 |   131 |   330 ||   551
